 Dungeon Crawl Stone Soup version 0.28-a0-312-gbced6e68ee (webtiles) character file.

Game seed: 9902680014153179699

22 lunkers the Ruffian (level 2, 0/29 HPs)
             Began as a Troll Cinder Acolyte on Aug 31, 2021.
             Was a High Priest of Ignis.
             Killed from afar by Sigmund (8 damage)
             ... with a magic dart
             ... on level 2 of the Dungeon.
             The game lasted 00:01:02 (895 turns).

lunkers the Ruffian (Troll Cinder Acolyte)           Turns: 895, Time: 00:01:03

Health: 0/29       AC:  4    Str: 22    XL:     2   Next: 68%
Magic:  0/2        EV:  9    Int:  9    God:    Ignis [*****.]
Gold:   14         SH:  0    Dex:  5    Spells: 2/3 levels left

rFire   + . .      SeeInvis .     - Unarmed
rCold   . . .      Faith    .   (no shield)
rNeg    . . .      Spirit   .   a - +0 robe
rPois   .          Reflect  .   (helmet restricted)
rElec   .          Harm     .   (no cloak)
rCorr   .          Rampage  .   (gloves unavailable)
Will    .....                   (boots unavailable)
Stlth   +.........              (no amulet)
HPRegen 1.09/turn               (no ring)
MPRegen 0.08/turn               (no ring)

@: confused
A: large, unfitting armour, claws 3, regeneration 1, shaggy fur 1, tough skin 1
a: Renounce Religion, Sea of Fire, Foxfire Swarm, Rising Flame


You were on level 2 of the Dungeon.
You worshipped Ignis.
Ignis was extremely pleased with you.
You visited 1 branch of the dungeon, and saw 2 of its levels.

You collected 14 gold pieces.

Inventory:

Armour
 a - a +0 robe (worn)
Jewellery
 d - a +6 ring of strength
Scrolls
 c - a scroll of magic mapping {unknown}
Potions
 b - a potion of heal wounds {unknown}


   Skills:
 + Level 2.7 Fighting
 * Level 3.7 Unarmed Combat
 - Level 1.0 Spellcasting
 - Level 0.6 Fire Magic


You had 2 spell levels left.
You knew the following spells:

 Your Spells              Type           Power      Damage    Failure   Level
p - Foxfire               Conj/Fire      0%         2x1d4     32%         1

Your spell library contained the following spells:

 Spells                   Type           Power      Damage    Failure   Level


Dungeon Overview and Level Annotations

Branches:
Dungeon (2/15)

Altars:

Annotations:
D:2 Sigmund


Innate Abilities, Weirdness & Mutations

You are too large for most types of armour.
You have claws for hands.
Your natural rate of healing is unusually fast.
You are covered in fur. (AC +1)
You have tough skin. (AC +1)


Message History

Deactivating autopickup; reactivate with Ctrl-A.
No target in view!
No target in view!
No target in view!
Casting: Foxfire (safe; 32% risk of failure)
Confirm with . or Enter, or press ? or * to list all spells.
You don't know that spell.
Casting: Foxfire (safe; 32% risk of failure)
Confirm with . or Enter, or press ? or * to list all spells.
You conjure some foxfire!
The foxfire hits something.
You are too depleted to draw on your mana recklessly!
A hobgoblin comes into view.
The foxfire hits something but does no damage.
The foxfire hits something.
The foxfire hits something but does no damage.
Something hits you!
You closely miss the hobgoblin. Something hits you.
* * * LOW HITPOINT WARNING * * *
The hobgoblin hits you.
* * * LOW HITPOINT WARNING * * *
You miss something. The hobgoblin hits you.
* * * LOW HITPOINT WARNING * * *
Something hits you but does no damage.
You claw something!
Unknown command.
You closely miss something. The hobgoblin hits you.
* * * LOW HITPOINT WARNING * * *
Something hits you.
* * * LOW HITPOINT WARNING * * *
You closely miss something. The hobgoblin hits you.
* * * LOW HITPOINT WARNING * * *
You miss something. The hobgoblin barely misses you.
You hear some strange, mumbled words.
You are confused.
Unknown command.
You barely miss something. The hobgoblin closely misses you.
You hear some strange, mumbled words.
A magic dart appears from out of thin air!
The magic dart hits you!
You die...

#................#
#.#.#..###..###...
# #.#.. #..#.#
###..###..#.#.#
.............#
##(.###).#.#$# ..
#..#.#
##..###..###.#
........@....#
.#..###g{###.# #
#..# #..# ....
#.#### .. ##.


You could see a hobgoblin.

Vanquished Creatures
  An adder (D:2)
  An endoplasm (D:1)
  A kobold (D:1)
  A bat (D:1)
  5 frilled lizards
  4 goblins
  2 rats (D:1)
15 creatures vanquished.

Vanquished Creatures (others)
  16 foxfires
16 creatures vanquished.

Grand Total: 31 creatures vanquished

Notes
Turn   | Place    | Note
-------+----------+-------------------------------------------
     0 | D:1      | lunkers the Troll Cinder Acolyte began the quest for the
                  | Orb.
     0 | D:1      | Reached XP level 1. HP: 22/22 MP: 1/1
   366 | D:1      | Found a faded altar of an unknown god.
   470 | D:1      | Reached XP level 2. HP: 28/29 MP: 0/2
   882 | D:2      | Noticed Sigmund
   895 | D:2      | Killed from afar by Sigmund

Illustrated notes

Levels and vault maps discovered:
D:1:      dpeg_arrival_central, layout_loops_ring,
          hellmonk_ecumenical_altar_arch_garden
D:2:      cheibrodos_pilgrimage, layout_basic, minmay_misc_feat_nine_boxes,
          uniq_natasha, uniq_sigmund

Action                   || total
-------------------------++-------
Melee: Unarmed           ||    51
 Cast: Foxfire           ||    11
Armor: Robe              ||    12
Dodge: Dodged            ||    25

Table legend: (Time is in decaauts)
 A = Elapsed time spent in this place.
 B = Non-inter-level travel time spent in this place.
 C = Inter-level travel time spent in this place.
 D = Time resting spent in this place.
 E = Time spent auto-exploring this place.
 F = Levels seen in this place.
 G = Mean time per level.
                   A        B        C        D        E       F      G
               +--------+--------+--------+--------+--------+-----+--------+
         Total |    891 |    881 |     10 |      0 |    770 |   2 |  445.5 |
       Dungeon |    891 |    881 |     10 |      0 |    770 |   2 |  445.5 |
               +--------+--------+--------+--------+--------+-----+--------+

Top non-repeatable levels by time:
     D:1: 820 daAuts
     D:2: 70 daAuts
